[Event "Landsturneringen 2023"]
[Site "Vallhall, Oslo"]
[Date "2023.07.06"]
[Round "7"]
[White "Skogholt, Steinar Dieseth"]
[Black "Korssjøen, Dyre Magnus"]
[Result "1-0"]
[WhiteElo "1211"]
[BlackElo "1315"]
[TimeControl "40/5400+30:1800+30"]
[BlackFideId "1569996"]
[WhiteFideId "1550047"]

1. d4 c6 2. Nf3 d5 3. c4 Nf6 4. Nc3 dxc4 5. e4 Bg4 6. d5 b5 7. a3 a6 8. Bg5
Qc7 9. Be2 h6 10. Bh4 Nh5 11. h3 Bxf3 12. Bxf3 Nf4 13. Bg3 Nd7 14. O-O g5
15. dxc6 Ne5 16. Nd5 Qxc6 17. Nxf4 gxf4 18. Bxf4 Bg7 19. Bxe5 Bxe5 20. Qc2
Qf6 21. Rad1 Qf4 22. Rfe1 Rg8 23. Re3 Rg6 24. Qd2 Rd6 25. Qc2 Qh2+ 26. Kf1
Rxd1+ 27. Qxd1 Rd8 28. Qc2 Qh1+ 29. Ke2 Bf4 30. g3 Qh2 31. gxf4 Qxf4 32. a4
Qd6 33. Kf1 Qb4 34. Rc3 Qd6 35. axb5 axb5 36. b3 Qf4 37. Re3 cxb3 38. Qxb3
Qe5 39. Rd3 Rb8 40. Rd5 Qa1+ 41. Kg2 Qa6 42. Qb2 Qg6+ 43. Kf1 Qf6 44. Qxf6
exf6 45. Be2 b4 46. Rb5 Rxb5 47. Bxb5+ Ke7 48. Ke2 Kd6 49. Bc4 Ke5 50. Ke3
f5 51. exf5 f6 52. Be6 b3 53. f4+ Kd6 54. Bxb3 Ke7 55. Kd4 Kd6 56. Bd5 Ke7
57. Kc5 Kd7 58. Be6+ Ke7 59. Kc6 Kf8 60. Kd7 h5 61. h4 Kg7 62. Ke7 Kh7 63.
Kxf6 Kh8 64. Ke7 Kh7 65. f6 Kh6 66. f7 Kh7 67. f8=Q Kg6 68. Qf6+ Kh7 69.
Bf5+ Kg8 70. Qf8# 1-0

[Event "Landsturneringen 2023"]
[Site "Vallhall, Oslo"]
[Date "2023.07.06"]
[Round "7"]
[White "Jørgensen, Catherine"]
[Black "Granqvist, Arnold"]
[Result "0-1"]
[WhiteElo "1256"]
[BlackElo "1273"]
[TimeControl "40/5400+30:1800+30"]
[BlackFideId "109105211"]
[WhiteFideId "1562932"]

1. d4 Nf6 2. c4 e6 3. Nf3 b6 4. g3 Ba6 5. b3 Bb4+ 6. Bd2 Be7 7. Bg2 c6 8.
Ne5 O-O 9. O-O d5 10. Be3 Nfd7 11. Nxd7 Nxd7 12. Qc2 Rc8 13. Nd2 c5 14.
Rac1 cxd4 15. Bxd4 e5 16. Ba1 dxc4 17. bxc4 b5 18. Qe4 Nc5 19. Qc2 Bg5 20.
Rfd1 Qe7 21. e3 Rfd8 22. Ne4 Rxd1+ 23. Rxd1 Nxe4 24. Bxe4 Rxc4 25. Qd3 g6
26. Bg2 e4 27. Qb3 Qb4 28. Bd4 Qxb3 29. axb3 Rc7 30. Bxe4 f5 31. Bd3 Kf7
32. b4 Be7 33. Rb1 Bf6 34. Bc5 Rd7 35. Be2 Rd2 36. Bf3 Rd7 37. Rd1 Rxd1+
38. Bxd1 Bb7 39. Bxa7 Ke6 40. Kf1 Bc3 41. Bc5 Bd5 42. f3 Bc4+ 43. Kf2 Kd5
44. Bc2 Ba2 45. h3 Kc4 46. e4 fxe4 47. fxe4 Bxb4 48. Bxb4 Kxb4 49. Kf3 Kc3
50. Bd1 Kd2 51. Be2 b4 52. e5 Bd5+ 53. Kf2 b3 54. e6 Bxe6 55. Bf3 b2 56.
Be4 Bf5 57. Bxf5 gxf5 58. Kf3 b1=Q 59. Kf4 Qf1+ 60. Kg5 Qxh3 61. Kf4 Qg4+
0-1

[Event "Landsturneringen 2023"]
[Site "Vallhall, Oslo"]
[Date "2023.07.06"]
[Round "7"]
[White "Endeberg, Ivar"]
[Black "Halvorsen, Frode"]
[Result "0-1"]
[WhiteElo "1353"]
[BlackElo "1373"]
[TimeControl "40/5400+30:1800+30"]
[BlackFideId "1558595"]
[WhiteFideId "1526154"]

1. e4 e5 2. Nf3 d6 3. Bc4 Be7 4. O-O Nf6 5. d3 Nc6 6. a3 Bg4 7. Be3 a6 8.
Nc3 Qd7 9. h3 Be6 10. Bxe6 Qxe6 11. Qd2 h6 12. Nh4 Nxe4 13. Nxe4 Bxh4 14.
f4 f5 15. Nc3 O-O-O 16. fxe5 Nxe5 17. Rf4 Bg3 18. Rb4 Qg6 19. Nd5 Rde8 20.
Qc3 Nc6 21. d4 Qf7 22. Rxb7 Kxb7 23. Qb3+ Ka7 24. Qc4 Na5 25. Qc3 Qxd5 26.
b4 Nc4 27. Bd2 f4 28. a4 Re2 0-1

[Event "Landsturneringen 2023"]
[Site "Vallhall, Oslo"]
[Date "2023.07.06"]
[Round "7"]
[White "Flyum, Geir Magne"]
[Black "Hansen, Edvard Dyre"]
[Result "1/2-1/2"]
[WhiteElo "1193"]
[BlackElo "1357"]
[TimeControl "40/5400+30:1800+30"]
[BlackFideId "1559320"]
[WhiteFideId "1574329"]

1. d4 Nf6 2. Bf4 d5 3. e3 c5 4. Nf3 Nc6 5. c3 e6 6. Nbd2 Bd6 7. Bg3 b6 8.
Bb5 Bb7 9. Ne5 Rc8 10. Qa4 Qc7 11. Ndf3 O-O 12. Nxc6 Bxc6 13. Bxc6 Qxc6 14.
Qxc6 Rxc6 15. Bxd6 Rxd6 16. Ne5 Nd7 17. Nxd7 Rxd7 18. O-O cxd4 19. exd4 Rc8
20. Rac1 Rdc7 1/2-1/2

[Event "Landsturneringen 2023"]
[Site "Vallhall, Oslo"]
[Date "2023.07.06"]
[Round "7"]
[White "Sørensen, Vidar Busch"]
[Black "Jacobsen, Geir Kristian"]
[Result "0-1"]
[WhiteElo "1342"]
[BlackElo "1209"]
[TimeControl "40/5400+30:1800+30"]
[BlackFideId "1574663"]
[WhiteFideId "1513869"]

1. c4 c5 2. Nf3 d6 3. e3 e5 4. d4 Nd7 5. dxe5 Nxe5 6. Nxe5 dxe5 7. Qxd8+
Kxd8 8. Nc3 Ne7 9. g3 Bd7 10. b3 Bc6 11. e4 Kc7 12. Bg2 Ng6 13. Be3 Be7 14.
O-O-O Rad8 15. Nd5+ Bxd5 16. exd5 Bd6 17. Rhf1 f6 18. Be4 a6 19. Bd3 Ne7
20. f4 Rdf8 21. Rf2 exf4 22. Bxf4 Bxf4+ 23. Rxf4 Kd6 24. Re1 Ng6 25. Bxg6
hxg6 26. Re6+ Kd7 27. h4 Re8 28. Rfe4 Rxe6 29. Rxe6 Rh5 30. Kb2 g5 31. hxg5
Rxg5 32. Re3 b5 33. a3 Rg4 34. Kc3 f5 35. Kd3 Rd4+ 36. Kc3 Rg4 37. a4 bxc4
38. bxc4 g5 39. Kd2 Rxc4 40. Re5 Rxa4 41. Rxf5 Rg4 42. Rf6 Rxg3 43. Rxa6
Rg4 44. Rg6 Rd4+ 45. Kc3 Rxd5 46. Kc4 Rf5 47. Kb5 Ke7 48. Rh6 Kf7 49. Rh1
g4 50. Rg1 Rg5 51. Kc4 Kf6 52. Rf1+ Rf5 53. Rg1 Kg5 54. Kd3 Rf4 55. Re1 g3
56. Re5+ Rf5 57. Re8 Kf4 0-1

[Event "Landsturneringen 2023"]
[Site "Vallhall, Oslo"]
[Date "2023.07.06"]
[Round "7"]
[White "Muggerud, Steinar"]
[Black "Evensen, Per-Erik"]
[Result "1/2-1/2"]
[WhiteElo "1245"]
[BlackElo "1385"]
[TimeControl "40/5400+30:1800+30"]
[BlackFideId "1525719"]
[WhiteFideId "1572750"]

1. Nf3 Nf6 2. c4 e6 3. b3 d5 4. Bb2 Nbd7 5. g3 Be7 6. Bg2 O-O 7. O-O c6 8.
Qc2 h6 9. d3 Re8 10. Nbd2 Bf8 11. Rad1 e5 12. e4 d4 13. Nh4 c5 14. h3 g6
15. f4 exf4 16. Rxf4 Nh5 17. Nxg6 fxg6 18. Rf2 Bd6 19. e5 Bxe5 20. Bd5+ Kh8
21. Ne4 Rf8 22. Rxf8+ Qxf8 23. Rf1 Qe8 24. Bf7 Qe7 25. Bxg6 Nhf6 26. Qd2
Qg7 27. Bf5 b6 28. Rf3 Bb7 29. Bc1 Rg8 30. Kf1 Nxe4 31. dxe4 Nf6 32. Be6
Re8 33. Bd5 Bc8 34. g4 Ng8 35. Qf2 Nf6 36. Qh4 Nxd5 37. exd5 Qh7 38. Qh5
Bd7 39. Rf7 Qd3+ 40. Kg2 Qg3+ 41. Kf1 Qd3+ 42. Kg2 Qe4+ 43. Kg1 Qe1+ 44.
Kg2 Qg3+ 45. Kf1 Qd3+ 1/2-1/2

[Event "Landsturneringen 2023"]
[Site "Vallhall, Oslo"]
[Date "2023.07.06"]
[Round "7"]
[White "Mæhle, Lars"]
[Black "Nilsen, Helmer"]
[Result "0-1"]
[WhiteElo "1209"]
[BlackElo "1377"]
[TimeControl "40/5400+30:1800+30"]
[BlackFideId "1514253"]
[WhiteFideId "1553909"]

1. d4 d5 2. c4 e6 3. Nc3 Nf6 4. cxd5 exd5 5. Bg5 Be7 6. Qc2 c6 7. e3 Bg4 8.
f3 Bh5 9. g4 Bg6 10. Bd3 Bxd3 11. Qxd3 Nbd7 12. Nge2 h6 13. Bh4 g5 14. Bf2
Nb6 15. Ng3 Qd7 16. Nf5 Bf8 17. Bg3 h5 18. Bd6 Qe6 19. O-O-O O-O-O 20. h3
Nc4 21. Bg3 Nd6 22. Be5 Nc4 23. Bg3 Nd6 24. e4 Nxf5 25. gxf5 dxe4 26. fxe4
Qd7 27. Qe3 Bh6 28. Qf3 g4+ 0-1

[Event "Landsturneringen 2023"]
[Site "Vallhall, Oslo"]
[Date "2023.07.07"]
[Round "8"]
[White "Schouten, Ken Ronny"]
[Black "Huby, Joachim"]
[Result "1-0"]
[WhiteElo "1339"]
[BlackElo "1310"]
[TimeControl "40/5400+30:1800+30"]
[BlackFideId "1552848"]
[WhiteFideId "1533010"]

1. d4 Nf6 2. Bf4 c5 3. e3 Nd5 4. Bg3 Qb6 5. Nc3 Nxc3 6. bxc3 e6 7. Nf3 Be7
8. Be2 O-O 9. O-O Nc6 10. d5 exd5 11. Qxd5 Bf6 12. Bd6 Be7 13. Rab1 Qa5 14.
Rb5 Qxc3 15. Rxc5 Qf6 16. Bxe7 Nxe7 17. Qb3 b6 18. Rc3 Bb7 19. Rd1 Bd5 20.
Qa3 Be6 21. Bb5 Bg4 22. Rd6 Qf5 23. Bxd7 Qh5 24. Bxg4 Qxg4 25. Rd4 Qe6 26.
Rc7 Nf5 27. Rdd7 Rfd8 28. Rxa7 1-0

[Event "Landsturneringen 2023"]
[Site "Vallhall, Oslo"]
[Date "2023.07.07"]
[Round "8"]
[White "Halvorsen, Frode"]
[Black "Skotheim, Håvard"]
[Result "1-0"]
[WhiteElo "1373"]
[BlackElo "1317"]
[TimeControl "40/5400+30:1800+30"]
[BlackFideId "1521128"]
[WhiteFideId "1558595"]

1. e4 e6 2. Nf3 d5 3. exd5 exd5 4. d4 Nf6 5. Bf4 Be7 6. Bd3 O-O 7. O-O c5
8. c4 Bg4 9. dxc5 Bxc5 10. Nc3 a6 11. cxd5 b5 12. a3 Re8 13. b4 Bd4 14.
Bxh7+ Nxh7 15. Qxd4 Bxf3 16. gxf3 Nd7 17. Rae1 Qh4 18. Be5 Qg5+ 19. Bg3
Nhf6 20. Kh1 Rac8 21. Rg1 Rxe1 22. Rxe1 Rc4 23. Qd3 Nb6 24. Ne4 Nxe4 25.
fxe4 Qg6 26. Qe3 Qf6 27. e5 Qf5 28. Qxb6 Qf3+ 29. Kg1 Qxa3 30. e6 Qxb4 31.
exf7+ Kxf7 32. Qe6+ Kf8 33. Qe8# 1-0

[Event "Landsturneringen 2023"]
[Site "Vallhall, Oslo"]
[Date "2023.07.07"]
[Round "8"]
[White "Hrituleac, Paul"]
[Black "Endeberg, Ivar"]
[Result "1-0"]
[WhiteElo "1254"]
[BlackElo "1353"]
[TimeControl "40/5400+30:1800+30"]
[BlackFideId "1526154"]
[WhiteFideId "1575023"]

1. d4 d5 2. c4 dxc4 3. e3 e5 4. Nf3 exd4 5. Nxd4 Nf6 6. Bxc4 Bb4+ 7. Bd2
Bxd2+ 8. Nxd2 O-O 9. O-O b6 10. Qf3 c6 11. Nxc6 Nxc6 12. Qxc6 Qxd2 13. Rfd1
Qxb2 14. Qxa8 Bg4 15. Bxf7+ Kxf7 16. Qxa7+ Kg8 17. Rdb1 Qc2 18. Qxb6 Nd5
19. Qb2 Rxf2 20. Qxc2 Rxc2 21. h3 Nxe3 22. hxg4 Rxg2+ 23. Kh1 Rxg4 24. a4
Rh4+ 25. Kg1 Rg4+ 26. Kf2 Nc2 27. Rb8+ Kf7 28. Rc1 Rh4 29. Kg3 Rxa4 30.
Rxc2 Ra3+ 31. Kf2 Ra6 32. Rc7+ Kg6 33. Rbb7 Ra2+ 34. Ke3 Ra3+ 35. Kd2 Ra2+
36. Kc3 h5 37. Rxg7+ Kf5 38. Rb5+ Kf6 39. Rh7 h4 40. Rxh4 Ra3+ 41. Kb2 Ra8
42. Rh6+ Kg7 43. Rc6 Kh7 44. Rb7+ Kh8 45. Rcc7 Kg8 46. Rg7+ Kh8 47. Rh7+
Kg8 48. Rbg7+ Kf8 49. Rh8+ 1-0

[Event "Landsturneringen 2023"]
[Site "Vallhall, Oslo"]
[Date "2023.07.07"]
[Round "8"]
[White "Hansen, Edvard Dyre"]
[Black "Jørgensen, Catherine"]
[Result "1-0"]
[WhiteElo "1357"]
[BlackElo "1256"]
[TimeControl "40/5400+30:1800+30"]
[BlackFideId "1562932"]
[WhiteFideId "1559320"]

1. e4 c5 2. Nf3 g6 3. c3 Nf6 4. e5 Nd5 5. d4 cxd4 6. cxd4 d6 7. Bc4 Nb6 8.
Bb3 Bg7 9. Bf4 Nc6 10. O-O Bg4 11. Bxf7+ Kxf7 12. Ng5+ Ke8 13. Qxg4 Qc8 14.
Ne6 Rg8 15. exd6 Kf7 16. Re1 Nxd4 17. Ng5+ Ke8 18. Rxe7+ Kd8 19. Nf7# 1-0

[Event "Landsturneringen 2023"]
[Site "Vallhall, Oslo"]
[Date "2023.07.07"]
[Round "8"]
[White "Bu, Knut Steinar"]
[Black "Kristiansen, David"]
[Result "1/2-1/2"]
[WhiteElo "1310"]
[BlackElo "1112"]
[TimeControl "40/5400+30:1800+30"]
[BlackFideId "1572083"]
[WhiteFideId "1528408"]

1. e4 c6 2. d4 d5 3. e5 Bf5 4. c3 e6 5. Nf3 c5 6. Bd3 Bxd3 7. Qxd3 Nc6 8.
O-O Nh6 9. Be3 cxd4 10. Nxd4 Nxe5 11. Qb5+ Qd7 12. Bf4 Bd6 13. Qxd7+ Kxd7
14. Kh1 Nhg4 15. h3 Nf6 16. Nb5 Nc4 17. Nxd6 Nxd6 18. Nd2 Rhe8 19. Nf3 Nc4
20. Ne5+ Nxe5 21. Bxe5 Rac8 22. Rad1 Ke7 23. Rd3 g6 24. g4 h5 25. g5 Nd7
26. Bg3 Nc5 27. Re3 Ne4 28. Bf4 Rc4 29. Rf3 e5 30. Bc1 d4 31. cxd4 Rxd4 32.
Re3 Nxg5 33. Rxe5+ Ne6 34. b3 a6 35. Rfe1 Rc8 36. Be3 Rd3 37. Kg2 Kd6 38.
Re4 Kd5 39. Bc1 Rxc1 40. Rxe6 Rxe1 41. Rxe1 Kd6 42. Re2 b5 43. f3 h4 44.
Kf2 g5 45. Kg2 Rd5 46. Kf2 Re5 47. Rd2+ Ke6 48. Rd3 b4 49. Rd2 a5 50. Rc2
Rd5 51. Ke2 Ke5 52. Ke3 f5 53. Rc4 f4+ 54. Ke2 Kd6 55. Rc8 Rc5 56. Rd8+ Ke5
57. Kd2 Rd5+ 58. Rxd5+ Kxd5 59. Kd3 Ke5 60. Ke2 Kd6 61. Kd3 Kd5 62. Ke2
1/2-1/2

[Event "Landsturneringen 2023"]
[Site "Vallhall, Oslo"]
[Date "2023.07.07"]
[Round "8"]
[White "Fredriksen, Kristian Kvamme"]
[Black "Thorsteinsen, Heidi"]
[Result "1-0"]
[WhiteElo "1303"]
[BlackElo "1200"]
[TimeControl "40/5400+30:1800+30"]
[BlackFideId "1558242"]
[WhiteFideId "1580566"]

1. c4 Nc6 2. Nc3 e6 3. g3 d6 4. Bg2 Bd7 5. e4 Nf6 6. Nge2 Be7 7. d3 h6 8.
O-O O-O 9. Be3 e5 10. h3 Nb4 11. a3 Na6 12. b4 c6 13. Qd2 Nh7 14. f4 Qc8
15. Kh2 Nc7 16. f5 Ng5 17. h4 Nh7 18. Kh3 Ne8 19. a4 Nef6 20. g4 h5 21. g5
Ng4 22. Ng3 Nxe3 23. Qxe3 g6 24. b5 gxf5 25. exf5 f6 26. g6 cxb5 27. Qh6
Ng5+ 28. hxg5 Rd8 29. Qh7+ Kf8 30. Qf7# 1-0

[Event "Landsturneringen 2023"]
[Site "Vallhall, Oslo"]
[Date "2023.07.07"]
[Round "8"]
[White "Rad, Ramin"]
[Black "Halås, Endre"]
[Result "0-1"]
[WhiteElo "1267"]
[BlackElo "1341"]
[TimeControl "40/5400+30:1800+30"]
[BlackFideId "1556738"]
[WhiteFideId "1568906"]

1. e4 d6 2. d4 Nf6 3. Nc3 Nbd7 4. Nf3 e5 5. Bc4 Be7 6. Bxf7+ Kxf7 7. Ng5+
Kg8 8. Qe2 Nb6 9. a4 Ng4 10. h4 h6 11. Nf3 Be6 12. d5 Bf7 13. a5 Nd7 14.
Bd2 Nc5 15. O-O-O b6 16. a6 Qc8 17. Ng1 Nf6 18. Rh3 Qxa6 19. Qxa6 Nxa6 20.
Nb5 Nxe4 21. Be3 Bxd5 22. Rxd5 c6 23. Rd3 cxb5 24. f3 Nec5 25. Rd1 Kf7 26.
Rf1 Bf6 27. f4 Ke6 28. f5+ Kd7 29. Rg3 Rac8 30. Rd1 Nb3+ 31. Kb1 Nd4 32. c3
Nxf5 33. Rf3 Nxe3 34. Rxe3 Rhe8 35. Red3 Re6 36. Ne2 Nc5 37. Rd5 Bxh4 38.
g3 Bg5 39. g4 Rf8 40. Ng3 g6 41. b4 Na4 42. Kc2 Rf3 43. Ne4 Be7 44. Rxb5
Re3 45. Nd2 Nxc3 0-1

[Event "Landsturneringen 2023"]
[Site "Vallhall, Oslo"]
[Date "2023.07.07"]
[Round "8"]
[White "Dalbak, Tom H."]
[Black "Hestholm, Freddy"]
[Result "1-0"]
[WhiteElo "1253"]
[BlackElo "1235"]
[TimeControl "40/5400+30:1800+30"]
[BlackFideId "1529951"]
[WhiteFideId "1550357"]

1. d4 f5 2. c4 Nf6 3. Nf3 e6 4. Nc3 Bb4 5. Bd2 b6 6. e3 O-O 7. Be2 d6 8.
O-O Qe8 9. Nb5 Bxd2 10. Nxc7 Qc6 11. Qxd2 Qxc7 12. Rac1 e5 13. d5 Nbd7 14.
b4 Ne4 15. Qc2 Ndf6 16. Bd3 Bb7 17. Nd2 Nxd2 18. Qxd2 e4 19. Be2 Rac8 20.
h3 Qf7 21. a4 a6 22. Qd4 Nd7 23. f3 exf3 24. Rxf3 b5 25. axb5 axb5 26. Rff1
bxc4 27. Bxc4 Ne5 28. Be2 Rxc1 29. Rxc1 Bxd5 30. b5 Qb7 31. Bf1 Ng6 32. b6
Rb8 33. Rc7 Ne5 34. Rxb7 Bxb7 35. Qxd6 Nf7 1-0

[Event "Landsturneringen 2023"]
[Site "Vallhall, Oslo"]
[Date "2023.07.08"]
[Round "9"]
[White "Schouten, Ken Ronny"]
[Black "Halvorsen, Frode"]
[Result "1/2-1/2"]
[WhiteElo "1339"]
[BlackElo "1373"]
[TimeControl "40/5400+30:1800+30"]
[BlackFideId "1558595"]
[WhiteFideId "1533010"]

1. d4 Nf6 2. Nf3 g6 3. Bf4 d6 4. e3 Bg7 5. Be2 Nbd7 6. h3 b6 7. O-O Bb7 8.
c4 O-O 9. Nc3 Re8 10. Bh2 Ne4 11. Nxe4 Bxe4 12. Nd2 Bb7 13. Qc2 Rc8 14.
Rac1 e6 15. b4 e5 16. Bf3 Bxf3 17. Nxf3 c5 18. dxc5 dxc5 19. b5 Qe7 20.
Rfd1 e4 21. Ne1 Nf6 22. Rd2 Rcd8 23. Rcd1 Rxd2 24. Rxd2 Rd8 25. Qd1 Rxd2
26. Qxd2 Qd7 27. Qxd7 Nxd7 28. Nc2 Be5 29. Bxe5 Nxe5 30. Na3 Nd3 31. Nb1
Nc1 32. Nc3 Nd3 33. Nxe4 f5 34. Nd2 Nb4 35. a3 Nc2 36. Nb1 Kf7 37. Kf1 Na1
38. Ke2 Nb3 39. Kd3 Ke6 40. Kc3 Na5 41. Nd2 Nb7 42. Nf3 h6 43. g3 Nd6 44.
Nd2 g5 45. f3 h5 46. f4 g4 47. hxg4 fxg4 48. Kd3 Nf5 49. Ne4 h4 50. gxh4
Nxh4 51. Ng3 Nf3 52. e4 Ne1+ 53. Kd2 Nf3+ 54. Ke3 Nd4 55. Kd3 Nf3 56. Ke3
Nd4 57. Kd3 1/2-1/2

[Event "Landsturneringen 2023"]
[Site "Vallhall, Oslo"]
[Date "2023.07.08"]
[Round "9"]
[White "Hansen, Edvard Dyre"]
[Black "Granqvist, Arnold"]
[Result "0-1"]
[WhiteElo "1357"]
[BlackElo "1273"]
[TimeControl "40/5400+30:1800+30"]
[BlackFideId "109105211"]
[WhiteFideId "1559320"]

1. e4 d5 2. exd5 Nf6 3. d4 Bg4 4. Be2 Bxe2 5. Nxe2 Qxd5 6. O-O Nc6 7. Nbc3
Qh5 8. Bf4 O-O-O 9. Qd2 e5 10. Bg3 exd4 11. Nf4 Qa5 12. Nb1 Bb4 13. Qd3 h5
14. h4 g5 15. Nh3 Nh7 16. hxg5 Nxg5 17. Bh4 Be7 18. Na3 Kb8 19. Nc4 Qc5 20.
Bxg5 Bxg5 21. a3 Bh6 22. b4 Qd5 23. b5 Rhg8 24. f3 Ne5 25. Nxe5 Qxe5 26.
Rfe1 Be3+ 27. Kh1 f5 28. Rad1 f4 29. c3 Qg7 30. Re2 Rd6 31. cxd4 Rxd4 32.
Qc2 Rgd8 33. Rxd4 Qxd4 34. a4 Qa1+ 35. Kh2 Rd1 0-1

[Event "Landsturneringen 2023"]
[Site "Vallhall, Oslo"]
[Date "2023.07.08"]
[Round "9"]
[White "Vatneødegård, Marie"]
[Black "Hrituleac, Paul"]
[Result "0-1"]
[WhiteElo "1175"]
[BlackElo "1254"]
[TimeControl "40/5400+30:1800+30"]
[BlackFideId "1575023"]
[WhiteFideId "1546961"]

1. e4 e6 2. d4 d5 3. e5 c5 4. c3 Nc6 5. Nf3 cxd4 6. cxd4 Qb6 7. Bd3 Bd7 8.
O-O Nxd4 9. Nbd2 Bc5 10. b4 Qxb4 11. Rb1 Qc3 12. Nxd4 Qxd3 13. N4f3 b6 14.
Ne1 Qa6 15. Qg4 Bf8 16. a4 Qxa4 17. Qg3 g6 18. Nef3 Ne7 19. Nh4 Rc8 20. Nb3
Qe4 21. Ra1 Bb5 22. Rd1 a6 23. Be3 Rc3 24. Nd4 Bc4 25. Rac1 Rxc1 26. Rxc1
Bg7 27. Bg5 Qxd4 28. Bxe7 Kxe7 29. Qa3+ Qc5 30. Qg3 Rc8 31. Nf3 Qa3 32. Re1
h6 33. h4 Bb5 34. Qf4 Rc4 35. Qd2 Qc3 36. Qd1 a5 37. Qb1 Rb4 38. Qd1 a4 39.
Nd2 Rd4 40. Qb1 Qxd2 41. Qxb5 Qxe1+ 42. Kh2 Bxe5+ 43. g3 Qxf2+ 0-1

[Event "Landsturneringen 2023"]
[Site "Vallhall, Oslo"]
[Date "2023.07.08"]
[Round "9"]
[White "Rostad, Øystein"]
[Black "Olsen, Sondre"]
[Result "1-0"]
[WhiteElo "1233"]
[BlackElo "1340"]
[TimeControl "40/5400+30:1800+30"]
[BlackFideId "1560379"]
[WhiteFideId "1556134"]

1. d4 Nf6 2. Nf3 d5 3. g3 Bf5 4. Bg2 e6 5. O-O Be7 6. c4 c6 7. Nfd2 O-O 8.
Nc3 Nbd7 9. e4 dxe4 10. Ndxe4 Nxe4 11. Nxe4 Nf6 12. Nxf6+ Bxf6 13. Be3 Qc7
14. Rc1 Rfe8 15. Qd2 Rad8 16. d5 exd5 17. cxd5 Be6 18. Rfd1 Bg4 19. Re1 Qd7
20. Bxa7 cxd5 21. Qxd5 Qxd5 22. Bxd5 Bxb2 23. Rxe8+ Rxe8 24. Rc2 Ra8 25.
Rxb2 Rxa7 26. Rxb7 Rxb7 27. Bxb7 Kf8 28. a4 Ke7 29. a5 Kd7 30. a6 Kc7 31.
Kf1 g5 32. Ke1 Be6 33. Kd2 Kb6 34. Ke3 f6 35. Ke4 h5 36. f3 h4 37. f4 Bg4
38. Kd5 hxg3 39. hxg3 gxf4 40. gxf4 f5 41. Kd6 Bh3 42. Kd7 Bg4 43. Kc8 Ka7
44. Kd7 Kb6 45. Ke7 Bh3 46. Kf6 Bg4 47. Bc8 Bh3 48. Bxf5 Bf1 49. Bc8 Bd3
50. f5 Bxf5 51. Kxf5 Ka7 52. Ke6 Kb8 53. Kd7 Ka8 54. Kc6 Ka7 55. Kc7 Ka8
56. Bb7+ Ka7 57. Kc8 1-0

[Event "Landsturneringen 2023"]
[Site "Vallhall, Oslo"]
[Date "2023.07.08"]
[Round "9"]
[White "Endeberg, Ivar"]
[Black "Bu, Knut Steinar"]
[Result "0-1"]
[WhiteElo "1353"]
[BlackElo "1310"]
[TimeControl "40/5400+30:1800+30"]
[BlackFideId "1528408"]
[WhiteFideId "1526154"]

1. e4 e5 2. Nf3 Nf6 3. Nxe5 d6 4. Nf3 Nxe4 5. Bb5+ c6 6. Bd3 d5 7. O-O Be7
8. Re1 f5 9. Ne5 O-O 10. Nc3 Bd6 11. Bxe4 fxe4 12. Ng4 Qh4 13. h3 Bxg4 14.
hxg4 Qxf2+ 15. Kh1 Qh4+ 16. Kg1 Qh2# 0-1

[Event "Landsturneringen 2023"]
[Site "Vallhall, Oslo"]
[Date "2023.07.08"]
[Round "9"]
[White "Germiani, Yaro"]
[Black "Nilsen, Helmer"]
[Result "1-0"]
[WhiteElo "1196"]
[BlackElo "1377"]
[TimeControl "40/5400+30:1800+30"]
[BlackFideId "1514253"]
[WhiteFideId "1572075"]

1. e4 c5 2. c3 e5 3. d4 cxd4 4. cxd4 exd4 5. Qxd4 Nc6 6. Qd1 Bb4+ 7. Bd2
Qe7 8. Bd3 Bxd2+ 9. Nxd2 d5 10. Ngf3 Bf5 11. O-O dxe4 12. Bxe4 Bxe4 13.
Nxe4 Rd8 14. Qa4 Qc7 15. Rad1 Ne7 16. Rxd8+ Qxd8 17. Rd1 Qc7 18. Nd6+ Kf8
19. Qb3 Ng6 20. Nxb7 h6 21. Nd4 Nxd4 22. Rxd4 Kg8 23. Rd8+ Kh7 24. Rxh8+
Kxh8 25. g3 Ne5 26. Qe3 Ng4 27. Qe8+ Kh7 28. Qe4+ g6 29. Qxg4 Qxb7 30. Qd4
a6 31. a3 Qc6 32. Qc3 Qd5 33. b4 Qd1+ 34. Kg2 Qd5+ 35. Qf3 Qc4 36. h3 h5
37. h4 Qe6 38. a4 Qc4 39. Qb7 1-0

[Event "Landsturneringen 2023"]
[Site "Vallhall, Oslo"]
[Date "2023.07.08"]
[Round "9"]
[White "Sandberg, Christian Henrik"]
[Black "Jacobsen, Stig Jerlow"]
[Result "1/2-1/2"]
[WhiteElo "1315"]
[BlackElo "1258"]
[TimeControl "40/5400+30:1800+30"]
[BlackFideId "1519816"]
[WhiteFideId "1535838"]

1. e4 d5 2. exd5 Nf6 3. Nf3 Nxd5 4. d4 Bg4 5. Be2 e6 6. h3 Bh5 7. O-O Bd6
8. c4 Nf4 9. Bxf4 Bxf4 10. Nbd2 O-O 11. g3 Bd6 12. c5 Be7 13. b4 a6 14. Re1
c6 15. Nc4 Nd7 16. Nfd2 Bxe2 17. Qxe2 Re8 18. Ne4 Nf6 19. Ned6 Bxd6 20.
Nxd6 Re7 21. Qf3 Qd7 22. Re2 Nd5 23. a3 Rf8 24. Rae1 f5 25. Nc4 Nf6 26. Ne3
Ne4 27. Nc2 Rf6 28. Qf4 g5 29. Qe5 Rg6 30. g4 Nc3 31. Re3 Nd5 32. Rf3 fxg4
33. hxg4 Rf7 34. Qb8+ Kg7 35. Qe5+ Kg8 36. Qb8+ Kg7 1/2-1/2

[Event "Landsturneringen 2023"]
[Site "Vallhall, Oslo"]
[Date "2023.07.08"]
[Round "9"]
[White "Stickler, Ellen-Anette"]
[Black "Sæthren, Linda Fagerli"]
[Result "1-0"]
[WhiteElo "1304"]
[BlackElo "1153"]
[TimeControl "40/5400+30:1800+30"]
[BlackFideId "1555863"]
[WhiteFideId "1572768"]

1. d4 d5 2. Bf4 c6 3. Nf3 Bf5 4. e3 Nf6 5. c4 h6 6. h3 e6 7. Nbd2 Nbd7 8.
c5 Be7 9. Be2 Ne4 10. O-O Bg5 11. Bxg5 Nxg5 12. Nxg5 Qxg5 13. Nf3 Qg6 14.
Nh4 Qf6 15. Nxf5 exf5 16. b4 b6 17. b5 bxc5 18. bxc6 Qxc6 19. Rb1 c4 20.
Qc2 g6 21. f3 O-O 22. Rfe1 Rfb8 23. e4 dxe4 24. Bxc4 Kg7 25. d5 Qc5+ 26.
Kh2 Rxb1 27. Rxb1 Nb6 28. Qc3+ f6 29. Rc1 Qxc4 30. Qxc4 Nxc4 31. Rxc4 exf3
32. gxf3 g5 33. d6 Kf7 34. d7 Ke7 35. Rc8 Kxd7 36. Rxa8 h5 37. Rxa7+ Kd6
38. a4 f4 39. Rb7 g4 40. hxg4 hxg4 41. fxg4 Ke5 42. Rb4 f5 43. gxf5 *